 Dungeon Sprint DCSS version 0.21-a0-331-gfb491b4 (webtiles) character file.

1742 potatolord6000 the Martial Artist (level 9, -11/72 HPs)
             Began as a Gnoll Transmuter on Oct 2, 2017.
             Was a High Priest of Sif Muna.
             Mangled by a death cob (23 damage)
             ... in the Dungeon (Sprint VII: "The Pits").
             The game lasted 00:05:23 (926 turns).

potatolord6000 the Martial Artist (Gnoll Transmuter) Turns: 926, Time: 00:05:23

Health: -11/72     AC:  9    Str: 13    XL:     9   Next: 5%
Magic:  16/21      EV: 18    Int: 18    God:    Sif Muna [*****.]
Gold:   0          SH:  0    Dex: 16    Spells: 15/25 levels left

rFire    . . .     SeeInvis .     - Unarmed
rCold    . . .     Gourm    .   (shield currently unavailable)
rNeg     . . .     Faith    .   b - +0 robe
rPois    .         Spirit   .   r - +0 helmet
rElec    .         Reflect  .   (no cloak)
rCorr    .         Harm     .   (gloves currently unavailable)
MR       .....     NoTele   +   (no boots)
Stlth    ++++......             (no amulet)
HPRegen  0.22/turn              k - +3 ring of protection
MPRegen  0.17/turn              s - +3 ring of protection

@: blade hands, slowed, very slow
A: distributed training, fangs 1, strong nose
a: End Transformation, Divine Energy, Channel Magic, Forget Spell, Renounce
Religion


You were in the Dungeon.
You worshipped Sif Muna.
Sif Muna was extremely pleased with you.
You were very full.
You had blades for hands.
You visited 1 branch

Inventory:

Hand Weapons
 u - a +2 scimitar of flaming (melded)
Armour
 b - a +0 robe (worn)
 r - a +0 helmet (worn)
 v - a +0 pair of gloves (melded)
Jewellery
 k - a +3 ring of protection (left scythe-like blade)
 s - a +3 ring of protection (right scythe-like blade)
Scrolls
 j - a scroll of blinking
 m - 3 scrolls of remove curse
 n - 5 scrolls of amnesia
 o - a scroll of summoning
Potions
 e - 8 potions of curing
 f - 8 potions of heal wounds
 g - 3 potions of haste
 h - 4 potions of magic
 i - 2 potions of berserk rage
 l - 2 potions of invisibility
 t - a potion of agility
Books
 c - a book of Changes

   Spells                             Type                      Level
   a - Beastly Appendage              Transmutation                1
   b - Sticks to Snakes               Transmutation                2
   c - Spider Form                    Transmutation/Poison         3
   d - Ice Form                       Ice/Transmutation            4
   e - Blade Hands                    Transmutation                5
Comestibles
 d - 8 bread rations
 p - 40 fruits
 q - 5 meat rations


   Skills:
 + Level 7.5 Fighting
 + Level 7.0 Short Blades
 + Level 7.0 Long Blades
 + Level 7.0 Axes
 + Level 7.0 Maces & Flails
 + Level 7.0 Polearms
 + Level 7.0 Staves
 + Level 7.0 Slings
 + Level 7.0 Bows
 + Level 7.0 Crossbows
 + Level 7.0 Throwing
 + Level 7.0 Armour
 + Level 8.5 Dodging
 + Level 7.0 Stealth
   Level 0.0 Stabbing
 + Level 7.0 Shields
   Level 0.0 Traps
 + Level 9.6 Unarmed Combat
 + Level 8.7 Spellcasting
 + Level 7.0 Conjurations
 + Level 7.0 Hexes
 + Level 7.0 Charms
 + Level 7.0 Summonings
 + Level 7.0 Necromancy
 + Level 7.0 Translocations
 + Level 8.5 Transmutations
 + Level 7.0 Fire Magic
 + Level 7.0 Ice Magic
 + Level 7.0 Air Magic
 + Level 7.0 Earth Magic
 + Level 7.0 Poison Magic
 + Level 7.0 Invocations
 + Level 7.0 Evocations


You had 15 spell levels left.
You knew the following spells:

 Your Spells              Type           Power        Failure   Level  Hunger
a - Beastly Appendage     Tmut           #####.       10%         1    None
b - Ice Form              Ice/Tmut       #####...     28%         4    ###....
c - Blade Hands           Tmut           #####.....   41%         5    #####..


Dungeon Overview and Level Annotations

Branches:
Dungeon (1/1)

Altars:
Ashenzari
Cheibriados
Dithmenos
Elyvilon
Fedhas
Gozag
Hepliaklqana
Kikubaaqudgha
Makhleb
Nemelex Xobeh
Okawaru
Qazlal
Ru
Sif Muna
Trog
Uskayaw
Vehumet
Wu Jian
Xom
Yredelemnul
Zin
The Shining One
Beogh
Jiyva
Lugonu


Innate Abilities, Weirdness & Mutations

Your experience applies equally to all skills.
You have very sharp teeth.
Your uncanny sense of smell can sniff out nearby items.


Message History

Your +2 scimitar of flaming stops flaming.
The death cob gives a chilling moan.
Unknown command.
Unknown command.
The death cob hits you. The death cob closely misses you.
You hit the death cob but do no damage. The death cob hits you!!
The death cob drains your vigour!
You feel yourself slow down.
The death cob hits you but does no damage.
Unknown command.
You barely miss the death cob. Your bite misses the death cob.
The death cob hits you but does no damage. x2
The death cob hits you!!
* * * LOW HITPOINT WARNING * * *
The death cob drains your vigour!
You feel as though you will be slow longer.
Unknown command.
You feel much better. The death cob hits you!!
* * * LOW HITPOINT WARNING * * *
The death cob completely misses you. The death cob hits you!!
You die...

#))##.......##..##
#..##.......##...##
#'###...<...###...##+##.
)..##.......# ##........
..†##.......###..###+###
#####.......##.(##
#).###########†.+
#†############..##
#.#.†..#..[.###.@#
#'#....#...[# ##z.......
#.'....'..))# x..##+##.
#÷#.†..#..))# ...##
'.#....#..))##..##
################


You could see a death cob and a small abomination.

Vanquished Creatures
  A phantasmal warrior (D)
  An elephant (D)
  A snapping turtle (D)
  A flying skull (D)
  A large abomination (D)
  A floating eye (D)
  An ice beast (D)
  A centaur (D)
  2 scorpions (D)
  An iguana (D)
  A worker ant (D)
  A river rat (D)
  An adder (D)
  A leopard gecko (D)
  A bat zombie (D)
  A goblin (D)
  2 hobgoblins (D)
  2 jackals (D)
  A kobold (D)
  A quokka (D)
  2 bats (D)
  A frilled lizard (D)
  A jackal zombie (D)
27 creatures vanquished.

Notes
Turn   | Place    | Note
-------+----------+-------------------------------------------
     0 | D        | potatolord6000 the Gnoll Transmuter began the quest for the Orb.
     0 | D        | Reached XP level 1. HP: 17/17 MP: 6/6
    45 | D        | Found a bloodstained altar of Trog.
    45 | D        | Found a deep blue altar of Sif Muna.
    45 | D        | Found a viscous altar of Jiyva.
    45 | D        | Found a hazy altar of Hepliaklqana.
    45 | D        | Found an opulent altar of Gozag.
    46 | D        | Found a glowing golden altar of the Shining One.
    46 | D        | Found a glowing silver altar of Zin.
    46 | D        | Found a basalt altar of Yredelemnul.
    46 | D        | Found a shimmering altar of Xom.
    46 | D        | Found an ornate altar of the Wu Jian Council.
    46 | D        | Found a sacrificial altar of Ru.
    46 | D        | Found a stormy altar of Qazlal.
    46 | D        | Found an iron altar of Okawaru.
    46 | D        | Found a sparkling altar of Nemelex Xobeh.
    46 | D        | Found a burning altar of Makhleb.
    46 | D        | Found a blossoming altar of Fedhas.
    46 | D        | Found a white marble altar of Elyvilon.
    46 | D        | Found a shadowy altar of Dithmenos.
    46 | D        | Found a snail-covered altar of Cheibriados.
    48 | D        | Found a radiant altar of Vehumet.
    48 | D        | Found a corrupted altar of Lugonu.
    48 | D        | Found a roughly hewn altar of Beogh.
    49 | D        | Found a hide-covered altar of Uskayaw.
    49 | D        | Found an ancient bone altar of Kikubaaqudgha.
    49 | D        | Found a shattered altar of Ashenzari.
    51 | D        | Became a worshipper of Sif Muna the Loreminder
    68 | D        | Reached skill level 5 in Spellcasting
    73 | D        | Noticed a floating eye
    78 | D        | Killed a floating eye
    78 | D        | Reached * piety under Sif Muna
    78 | D        | Reached skill level 5 in Dodging
    78 | D        | Reached skill level 7 in Unarmed Combat
    78 | D        | Reached skill level 5 in Transmutations
    78 | D        | Reached XP level 2. HP: 25/25 MP: 6/8
    78 | D        | Reached XP level 3. HP: 30/30 MP: 7/10
    78 | D        | Reached XP level 4. HP: 37/37 MP: 7/11
   166 | D        | Learned a level 4 spell: Ice Form
   196 | D        | Noticed a flying skull
   203 | D        | Reached ** piety under Sif Muna
   220 | D        | Killed a flying skull
   220 | D        | Reached skill level 5 in Fighting
   220 | D        | Reached XP level 5. HP: 44/44 MP: 12/14
   220 | D        | Reached XP level 6. HP: 51/51 MP: 12/15
   231 | D        | Learned a level 5 spell: Blade Hands
   244 | D        | Noticed an ice beast
   252 | D        | Reached skill level 8 in Unarmed Combat
   255 | D        | Killed an ice beast
   255 | D        | Reached *** piety under Sif Muna
   267 | D        | Reached skill level 5 in Short Blades
   267 | D        | Reached skill level 5 in Long Blades
   267 | D        | Reached skill level 5 in Axes
   267 | D        | Reached skill level 5 in Maces & Flails
   267 | D        | Reached skill level 5 in Polearms
   267 | D        | Reached skill level 5 in Staves
   267 | D        | Reached skill level 5 in Slings
   267 | D        | Reached skill level 5 in Bows
   267 | D        | Reached skill level 5 in Crossbows
   267 | D        | Reached skill level 5 in Throwing
   267 | D        | Reached skill level 5 in Armour
   267 | D        | Reached skill level 5 in Stealth
   267 | D        | Reached skill level 5 in Shields
   267 | D        | Reached skill level 5 in Conjurations
   267 | D        | Reached skill level 5 in Hexes
   267 | D        | Reached skill level 5 in Charms
   267 | D        | Reached skill level 5 in Summonings
   267 | D        | Reached skill level 5 in Necromancy
   267 | D        | Reached skill level 5 in Translocations
   267 | D        | Reached skill level 5 in Fire Magic
   267 | D        | Reached skill level 5 in Ice Magic
   267 | D        | Reached skill level 5 in Air Magic
   267 | D        | Reached skill level 5 in Earth Magic
   267 | D        | Reached skill level 5 in Poison Magic
   267 | D        | Reached skill level 5 in Invocations
   267 | D        | Reached skill level 5 in Evocations
   267 | D        | Reached XP level 7. HP: 56/57 MP: 14/17
   402 | D        | Noticed an elephant
   409 | D        | Killed an elephant
   409 | D        | Reached **** piety under Sif Muna
   409 | D        | Reached skill level 9 in Unarmed Combat
   409 | D        | Reached XP level 8. HP: 61/65 MP: 14/19
   553 | D        | Noticed a snapping turtle
   566 | D        | Killed a snapping turtle
   768 | D        | Noticed a phantasmal warrior
   774 | D        | Reached ***** piety under Sif Muna
   774 | D        | Identified Sif Muna's Incunabulum of Torrid Lightness (Sif Muna gifted it to you in the Dungeon)
   774 | D        | Received a gift from Sif Muna
   779 | D        | Killed a phantasmal warrior
   779 | D        | Reached XP level 9. HP: 44/72 MP: 17/21
   921 | D        | Noticed a death cob
   926 | D        | Mangled by a death cob

Vault maps used:
D:        pitsprint

Skill      XL: |  1  2  3  4  5  6  7  8 |
---------------+-------------------------+-----
Spellcasting   | 5 6 7 8 |  8.7
Fighting       | 3 5 6 7 |  7.5
Short Blades   | 2 4 5 6 7 |  7.0
Long Blades    | 2 4 5 6 7 |  7.0
Axes           | 2 4 5 6 7 |  7.0
Maces & Flails | 2 4 5 6 7 |  7.0
Polearms       | 2 4 5 6 7 |  7.0
Staves         | 2 4 5 6 7 |  7.0
Slings         | 2 4 5 6 7 |  7.0
Bows           | 2 4 5 6 7 |  7.0
Crossbows      | 2 4 5 6 7 |  7.0
Throwing       | 2 4 5 6 7 |  7.0
Armour         | 2 4 5 6 7 |  7.0
Dodging        | 5 6 7 8 |  8.5
Stealth        | 2 4 5 6 7 |  7.0
Shields        | 2 4 5 6 7 |  7.0
Unarmed Combat | 7 8 9 |  9.6
Conjurations   | 2 4 5 6 7 |  7.0
Hexes          | 2 4 5 6 7 |  7.0
Charms         | 2 4 5 6 7 |  7.0
Summonings     | 2 4 5 6 7 |  7.0
Necromancy     | 2 4 5 6 7 |  7.0
Translocations | 2 4 5 6 7 |  7.0
Transmutations | 5 6 7 8 |  8.5
Fire Magic     | 2 4 5 6 7 |  7.0
Ice Magic      | 2 4 5 6 7 |  7.0
Air Magic      | 2 4 5 6 7 |  7.0
Earth Magic    | 2 4 5 6 7 |  7.0
Poison Magic   | 2 4 5 6 7 |  7.0
Invocations    | 2 4 5 6 7 |  7.0
Evocations     | 2 4 5 6 7 |  7.0

Action                   |  1- 3 |  4- 6 |  7- 9 || total
-------------------------+-------+-------+-------++-------
Melee: Falchion          |     7 |    11 |       ||    18
       Kick              |     2 |     5 |       ||     7
       Bite              |     1 |     4 |     4 ||     9
       Punch             |     1 |     1 |       ||     2
       Unarmed           |     1 |    12 |    35 ||    48
       Long sword        |       |    11 |    12 ||    23
 Cast: Beastly Appendage |     1 |     2 |       ||     3
       Ice Form          |       |     1 |     3 ||     4
       Blade Hands       |       |       |     2 ||     2
  Use: Potion            |       |     3 |     4 ||     7
 Stab: Sleeping          |       |       |     3 ||     3
  Eat: Meat ration       |       |       |     2 ||     2
Armor: Robe              |       |     4 |     5 ||     9
       Skin              |       |     4 |     6 ||    10
Dodge: Dodged            |     3 |    33 |    44 ||    80
       Rpst.: Falchion   |     2 |     5 |       ||     7
       Long sword        |       |     5 |     3 ||     8

Table legend:
 A = Spawn XP
 B = Non-spawn XP
 C = Spawn XP percentage of total XP
 D = Spawn monster count
 E = Non-spawn monster count
 F = Spawn count percentage of total count
 G = Total turns spent on level
                    A         B        C        D         E        F      G
               +---------+---------+-------+---------+---------+-------+---------
         Total |       0 |    2489 |   0.0 |       0 |      27 |   0.0 |   926
               +---------+---------+-------+---------+---------+-------+---------
             D |       0 |    2489 |   0.0 |       0 |      27 |   0.0 |   926
               +---------+---------+-------+---------+---------+-------+---------
